 Dungeon Crawl Stone Soup version 0.22-a0-877-g5c4e1af (webtiles) character file.

52 prawnwizard the Slasher (level 3, 0/28 HPs)
             Began as a Demonspawn Gladiator on July 29, 2018.
             Slain by a hobgoblin (1 damage)
             ... on level 2 of the Dungeon.
             The game lasted 00:01:18 (1458 turns).

prawnwizard the Slasher (Demonspawn Gladiator)      Turns: 1458, Time: 00:01:19

Health: 0/28       AC:  4    Str: 15    XL:     3   Next: 60%
Magic:  3/3        EV: 13    Int:  9    God:
Gold:   17         SH:  0    Dex: 14    Spells: 2/2 levels left

rFire    . . .     SeeInvis .   o - +0 falchion
rCold    . . .     Gourm    .   (no shield)
rNeg     . . .     Faith    .   b - +0 leather armour
rPois    .         Spirit   .   c - +0 helmet
rElec    .         Reflect  .   (no cloak)
rCorr    .         Harm     .   (no gloves)
MR       .....                  (no boots)
Stlth    +.........             (no amulet)
HPRegen  0.09/turn              (no ring)
MPRegen  0.08/turn              (no ring)

@: no status effects
A: claws 1
a: no special abilities


You were on level 2 of the Dungeon.
You were not hungry.

You visited 1 branch of the dungeon, and saw 2 of its levels.

You collected 17 gold pieces.

Inventory:

Hand Weapons
 a - a +0 long sword
 o - a +0 falchion (weapon)
Missiles
 d - 3 throwing nets (quivered)
Armour
 b - a +0 leather armour (worn)
 c - a +0 helmet (worn)
Scrolls
 e - a scroll of teleportation {unknown}
 g - a scroll of remove curse {unknown}
 h - a scroll of fog {unknown}
 i - a scroll of identify {unknown}
 k - a scroll of amnesia {unknown}
 l - a scroll of immolation {unknown}
 n - a scroll of magic mapping {unknown}
Potions
 j - a potion of heal wounds {unknown}
Comestibles
 f - 2 rations
 m - 3 chunks of flesh


   Skills:
 + Level 2.5 Fighting
 * Level 3.5 Long Blades
 - Level 1.7 Throwing
 + Level 3.1 Dodging


You had 2 spell levels left.
You didn't know any spells.
Your spell library was empty.

Dungeon Overview and Level Annotations

Branches:
Dungeon (2/15)

Altars:


Innate Abilities, Weirdness & Mutations

You have sharp fingernails.


Message History

You kill the leopard gecko!
You feel sick.
You feel sick.
You see here a club.
You hit the hobgoblin.
The hobgoblin is severely wounded.
You feel sick.
You are no longer poisoned.
The hobgoblin hits you.
* * * LOW HITPOINT WARNING * * *
You hit the hobgoblin but do no damage.
The hobgoblin is severely wounded.
The hobgoblin hits you but does no damage.
You hit the hobgoblin but do no damage.
The hobgoblin is severely wounded.
The hobgoblin hits you but does no damage.
You closely miss the hobgoblin.
The hobgoblin is severely wounded.
The hobgoblin hits you.
You die...

##.######.### ...........#
#.######.#.## ## #.#. #<#
#....#### .. #.#
#..###)######........ .#
#.#
#.###.#.........).....####
.# #.#
#.#.######.########.##
.###.####...######.# #.#
.............).g@..# #.#
...#.####..w######## #.#
.#....###w..# #..
....w.......# ...
..).....##..# ##.
..).........#
........###.# ..#...###
#.# .##...# #.#


You could see a worm and a hobgoblin.

Vanquished Creatures
  2 adders (D:2)
  A leopard gecko (D:2)
  2 bats (D:1)
  3 giant cockroaches
  6 goblins
  4 hobgoblins
  2 jackals (D:1)
  A quokka (D:2)
  A ball python (D:1)
  5 kobolds
  4 rats (D:1)
31 creatures vanquished.

Notes
Turn   | Place    | Note
-------+----------+-------------------------------------------
     0 | D:1      | prawnwizard the Demonspawn Gladiator began the quest for the Orb.
     0 | D:1      | Reached XP level 1. HP: 16/16 MP: 1/1
   313 | D:1      | Gained mutation: You have sharp fingernails. [demonic ancestry]
   313 | D:1      | Reached XP level 2. HP: 22/22 MP: 2/2
  1009 | D:1      | You fall through a shaft!
  1217 | D:2      | Reached XP level 3. HP: 16/28 MP: 3/3
  1455 | D:2      | HP: 1/28 [hobgoblin (2)]
  1458 | D:2      | Slain by a hobgoblin

Vault maps used:
D:1:      ebering_trefoil_twist, minmay_misc_feat_enclosed
D:2:      columned_hall_lemuel, minmay_octomino_c4, uniq_robin

Skill      XL: |  1  2 |
---------------+-------+-----
Long Blades    | 3 |  3.5
Dodging        | 3 |  3.1
Fighting       | |  2.5
Throwing       | |  1.7

Action                   || total
-------------------------++-------
Melee: Long sword        ||    69
       Falchion          ||    14
  Eat: Chunk             ||     2
Armor: Leather armour    ||    22
Dodge: Dodged            ||    54
       Rpst.: Long sword ||    12

Table legend:
 A = Spawn XP
 B = Non-spawn XP
 C = Spawn XP percentage of total XP
 D = Spawn monster count
 E = Non-spawn monster count
 F = Spawn count percentage of total count
 G = Total turns spent on level
                    A         B        C        D         E        F      G
               +---------+---------+-------+---------+---------+-------+---------
         Total |       0 |      75 |   0.0 |       0 |      31 |   0.0 |  1458
               +---------+---------+-------+---------+---------+-------+---------
           D:1 |       0 |      28 |   0.0 |       0 |      19 |   0.0 |  1145
           D:2 |       0 |      47 |   0.0 |       0 |      12 |   0.0 |   313
               +---------+---------+-------+---------+---------+-------+---------
